[Event "Titled Tuesday Blitz December 13 Late 2022"]
[White "Seletsky, Grigory"]
[Black "Zhu, Jiner"]
[WhiteFideId "14112191"]
[BlackFideId "8608059"]
[WhiteElo "2492"]
[BlackElo "2384"]
[Result "0-1"]
[Round "09"]
[TimeControl "180+1"]
[Date "2022.12.14"]
[WhiteClock "0:00:18"]
[BlackClock "0:01:17"]

1. e4 g6 2. d4 Bg7 3. c4 d6 4. Nc3 Nf6 5. f3 O-O 6. Be3 c5 7. dxc5 dxc5 8. Qxd8 Rxd8 9. Rd1 Rxd1+ 10. Kxd1 Nc6 11. Bxc5 Nd7 12. Be3 Bxc3 13. bxc3 b6 14. c5 Nxc5 15. Bxc5 bxc5 16. Kc2 Be6 17. Bb5 Ne5 18. Ne2 a6 19. Ba4 Bxa2 20. Nf4 Bc4 21. Ra1 Rb8 22. Nd5 e6 23. Ne3 Bd3+ 24. Kc1 Nc4 25. Nxc4 Bxc4 26. Bc2 g5 27. Ra5 Bb5 28. c4 Bxc4 29. Rxc5 Bb5 30. Rxg5+ Kf8 31. Rc5 a5 32. Rc7 Be8 33. Ra7 Rb5 34. Ra8 Rc5 35. Kd2 Ke7 36. Ra7+ Kf6 37. f4 e5 38. g3 h6 39. Bb3 Kg7 40. Bd5 exf4 41. gxf4 a4 42. Re7 Kf8 43. Ra7 f5 44. Kd3 fxe4+ 45. Bxe4 Rc1 46. Bg6 Bxg6+ 0-1


[Site "https://www.chess.com"]

[Event "Titled Tuesday Blitz December 13 Late 2022"]
[White "Silvestre, Christian"]
[Black "Averjanov, Alexey"]
[WhiteFideId "30956269"]
[BlackFideId "14109867"]
[WhiteElo "2360"]
[BlackElo "2612"]
[Result "1-0"]
[Round "09"]
[TimeControl "180+1"]
[Date "2022.12.14"]
[WhiteClock "0:00:48"]
[BlackClock "0:02:21"]

1. d4 d5 2. Bg5 Nf6 3. Bxf6 exf6 4. e3 Bd6 5. c4 dxc4 6. Bxc4 O-O 7. Nc3 c6 8. Nge2 b5 9. Bd3 a6 10. O-O Nd7 11. Rc1 Bb7 12. Ne4 Be7 13. Nf4 Qb6 14. Qh5 g6 15. Qh6 c5 16. Nh5 gxh5 17. Ng5 fxg5 18. Qxh7# 1-0


[Site "https://www.chess.com"]

[Event "Titled Tuesday Blitz December 13 Late 2022"]
[White "Sjugirov, Sanan"]
[Black "So, Wesley"]
[WhiteFideId "4189302"]
[BlackFideId "5202213"]
[WhiteElo "2613"]
[BlackElo "2763"]
[Result "0-1"]
[Round "09"]
[TimeControl "180+1"]
[Date "2022.12.13"]
[WhiteClock "0:00:01"]
[BlackClock "0:00:06"]

1. d4 Nf6 2. c4 e6 3. Nf3 d5 4. g3 dxc4 5. Bg2 c5 6. O-O Nc6 7. dxc5 Qxd1 8. Rxd1 Bxc5 9. Nbd2 c3 10. bxc3 O-O 11. Nb3 Be7 12. c4 Bd7 13. Bb2 Rfc8 14. a4 a5 15. Ne1 Be8 16. Nd3 Nd7 17. c5 Rab8 18. Rdc1 b6 19. cxb6 Nxb6 20. Nbc5 Nd5 21. Bxd5 exd5 22. Bc3 f6 23. Bd2 Kf7 24. Bf4 Rb6 25. Be3 d4 26. Bd2 g5 27. Kf1 Rbb8 28. Ke1 Ne5 29. Nxe5+ fxe5 30. Ne4 Rxc1+ 31. Rxc1 h6 32. Bxa5 Bxa4 33. f3 Rb7 34. Kf2 h5 35. h3 g4 36. hxg4 hxg4 37. fxg4 Bd7 38. g5 Bf5 39. Nf6 e4 40. Rc4 Rb5 41. Be1 Bg6 42. Rxd4 Bc5 43. Bc3 Rb3 44. Ba1 Rb1 45. Bc3 Rb3 46. Ba1 Ra3 47. Bb2 Ra2 48. Bc3 Rc2 49. Ba1 Bxd4+ 50. Bxd4 Ke6 51. Ke3 Kf5 52. Nxe4 Kg4 53. Nf2+ Kxg3 54. Be5+ Kh4 55. Bf4 Bh5 0-1


[Site "https://www.chess.com"]

[Event "Titled Tuesday Blitz December 13 Late 2022"]
[White "Sourath Biswas"]
[Black "Bernabeu Lopez, Carlos Javier"]
[WhiteFideId "35091484"]
[BlackFideId "2235366"]
[WhiteElo "2164"]
[BlackElo "2324"]
[Result "0-1"]
[Round "09"]
[TimeControl "180+1"]
[Date "2022.12.13"]
[WhiteClock "0:00:22"]
[BlackClock "0:01:33"]

1. d4 Nf6 2. Bf4 g6 3. Nc3 d5 4. e3 Bg7 5. h4 h5 6. Nf3 Bg4 7. Qd2 c6 8. Ne5 Nbd7 9. Nxg4 Nxg4 10. f3 Ngf6 11. e4 dxe4 12. fxe4 Qa5 13. e5 Nd5 14. Nxd5 Qxd2+ 15. Kxd2 cxd5 16. g3 Bh6 17. Bg5 Bxg5+ 18. hxg5 a6 19. g4 h4 20. Bd3 Nf8 21. c4 Rd8 22. cxd5 Rxd5 23. Ke3 Ne6 24. Bc4 Rd8 25. Bxe6 fxe6 26. Rac1 Kd7 27. Rcf1 Rc8 28. Kd3 Rh7 29. Rh3 Kc6 30. Rc1+ Kd7 31. Rxc8 Kxc8 32. Ke4 Kd7 33. d5 exd5+ 34. Kxd5 e6+ 35. Kc5 Kc7 36. a4 b6+ 37. Kd4 Kc6 38. Rc3+ Kb7 39. Rh3 Rh8 40. Ke4 Kc6 41. Rc3+ Kb7 42. Rh3 Kc7 43. Rc3+ Kd7 44. Rd3+ Ke7 45. Rh3 Kf7 46. b3 a5 47. Rc3 Ke7 48. Rc7+ Kd8 49. Ra7 Rf8 50. Ra8+ Ke7 51. Ra7+ Ke8 52. Rh7 Rf2 53. Rxh4 Rb2 54. Rh3 Re2+ 55. Kd4 Rd2+ 56. Kc4 Rd5 57. Re3 Ke7 58. Re4 Rc5+ 59. Kd4 Kd7 60. Ke3 Kc6 61. Rd4 Rxe5+ 62. Kf4 Rd5 63. Rc4+ Rc5 64. Re4 Kd6 65. Rd4+ Rd5 66. Rc4 e5+ 67. Ke4 Rc5 68. Kd3 Kd5 69. Re4 Rc3+ 70. Kxc3 Kxe4 71. Kc4 Kf4 72. Kb5 e4 73. Kxb6 e3 74. Kxa5 e2 75. b4 e1=Q 76. Kb5 Qe8+ 77. Ka5 Qa8+ 78. Kb5 Kxg5 79. a5 Kxg4 80. a6 Kf5 81. Ka5 Ke6 82. b5 Kd7 83. b6 Kc6 84. b7 Qa7 85. Kb4 Kb6 0-1


[Site "https://www.chess.com"]

[Event "Titled Tuesday Blitz December 13 Late 2022"]
[White "Stanisz, Patryk"]
[Black "Vargas, Mauricio"]
[WhiteFideId "1123106"]
[BlackFideId "4404572"]
[WhiteElo "2069"]
[BlackElo "2025"]
[Result "1-0"]
[Round "09"]
[TimeControl "180+1"]
[Date "2022.12.14"]
[WhiteClock "0:00:11"]
[BlackClock "0:00:02"]

1. d4 Nf6 2. c4 d5 3. cxd5 Nxd5 4. e4 Nf6 5. Nc3 g6 6. Nf3 Bg7 7. Be3 O-O 8. h3 Re8 9. Bc4 c6 10. O-O Qc7 11. Rc1 Rd8 12. e5 Nd5 13. Nxd5 cxd5 14. Bxd5 Qb6 15. Bb3 e6 16. d5 Qb5 17. dxe6 Rxd1 18. exf7+ Kf8 19. Rxc8+ Ke7 20. Bf4 Qxf1+ 21. Kh2 h6 22. Re8+ Kd7 23. Be6+ Kc6 24. Rc8+ Kb6 25. Be3+ Ka6 26. Bc4+ b5 27. Bxf1 Rxf1 28. e6 Kb7 29. Rg8 Bf8 30. Rxf8 a5 31. e7 Nc6 32. Rxa8 Kxa8 33. e8=Q+ Kb7 34. f8=Q 1-0


[Site "https://www.chess.com"]

[Event "Titled Tuesday Blitz December 13 Late 2022"]
[White "Steenbekkers, Franck"]
[Black "Shapiro, Daniel"]
[WhiteFideId "1004220"]
[BlackFideId "2001780"]
[WhiteElo "1950"]
[BlackElo "2354"]
[Result "0-1"]
[Round "09"]
[TimeControl "180+1"]
[Date "2022.12.14"]
[WhiteClock "0:01:27"]
[BlackClock "0:00:44"]

1. e4 e5 2. Nf3 Nc6 3. Bb5 a6 4. Ba4 Nf6 5. O-O Be7 6. Re1 b5 7. Bb3 d6 8. c3 O-O 9. d4 Bg4 10. d5 Na5 11. Bc2 c6 12. h3 Bd7 13. Nxe5 dxe5 14. d6 Be6 15. dxe7 Qxe7 16. Qf3 h6 17. b3 c5 18. Be3 Nc6 19. Nd2 b4 20. c4 Rfd8 21. Nf1 a5 22. Ng3 a4 23. Nf5 Bxf5 24. exf5 Ra6 25. Qg3 Kh7 26. bxa4 Nd4 27. Bb3 Nxf5 28. Qf3 Nd4 29. Bxd4 Rxd4 30. Qf5+ g6 31. Qxe5 Re6 32. Qxe6 fxe6 0-1


[Site "https://www.chess.com"]

[Event "Titled Tuesday Blitz December 13 Late 2022"]
[White "Suarez Uriel, Adrian"]
[Black "Remizov, Yaroslav"]
[WhiteFideId "22230874"]
[BlackFideId "34134015"]
[WhiteElo "2331"]
[BlackElo "2415"]
[Result "0-1"]
[Round "09"]
[TimeControl "180+1"]
[Date "2022.12.13"]
[WhiteClock "0:01:18"]
[BlackClock "0:00:34"]

1. e4 c6 2. Nf3 d5 3. Nc3 dxe4 4. Nxe4 Nf6 5. Qe2 Nxe4 6. Qxe4 Qd5 7. Qh4 Qe6+ 8. Be2 Qg4 9. Qg3 g6 10. d4 Bg7 11. c3 O-O 12. Bf4 Qxg3 13. hxg3 Nd7 14. O-O-O Nf6 15. Ne5 Be6 16. b3 Ne4 17. Be3 Nxc3 18. Rd2 Rfd8 19. Bc4 Bxc4 20. bxc4 Bxe5 21. dxe5 Rxd2 22. Kxd2 Ne4+ 23. Kd3 f5 24. exf6 Nxf6 25. f3 Rd8+ 26. Kc3 b6 27. g4 c5 28. a4 Nd7 29. Rd1 Kf7 30. Bf4 Ke8 31. Rh1 Nf8 32. a5 Rd7 33. axb6 axb6 34. Ra1 Ne6 35. Be5 Nd4 36. Ra7 Rxa7 0-1


[Site "https://www.chess.com"]

[Event "Titled Tuesday Blitz December 13 Late 2022"]
[White "Svane, Frederik"]
[Black "Xiong, Jeffery"]
[WhiteFideId "12923044"]
[BlackFideId "2047640"]
[WhiteElo "2466"]
[BlackElo "2726"]
[Result "1-0"]
[Round "09"]
[TimeControl "180+1"]
[Date "2022.12.13"]
[WhiteClock "0:00:04"]
[BlackClock "0:00:05"]

1. c4 e5 2. g3 Be7 3. Nc3 f5 4. d4 e4 5. h4 Nf6 6. Nh3 O-O 7. Bg5 c6 8. e3 d6 9. Be2 Nbd7 10. Nf4 Nb6 11. h5 Qe8 12. Qb3 Qf7 13. a4 Rb8 14. a5 Nbd7 15. Qa4 Ng4 16. Bxe7 Qxe7 17. b4 Ndf6 18. c5 d5 19. b5 Qe8 20. Qb3 Be6 21. Rb1 Bf7 22. Qa4 g5 23. hxg6 hxg6 24. a6 b6 25. bxc6 bxc5 26. Rb7 cxd4 27. Qxd4 Qxc6 28. Bxg4 fxg4 29. Rxa7 Rb3 30. Nfe2 Nh7 31. Kf1 Qf6 32. Rxh7 Qxd4 33. Nxd4 Rxc3 34. Rh4 Ra3 35. Rxg4 Be8 36. Rf4 Ra2 37. Rxf8+ Kxf8 38. Ra8 Ke7 39. Ra7+ Bd7 40. Kg2 Kd6 41. g4 Bxg4 42. Kg3 Bd7 43. Ra8 Kc7 44. a7 Kd6 45. Kf4 Rxf2+ 46. Kg5 Ra2 47. Kxg6 Kc7 48. Kg5 Bc8 49. Nb5+ Kd7 50. Rb8 1-0


[Site "https://www.chess.com"]

[Event "Titled Tuesday Blitz December 13 Late 2022"]
[White "Svane, Rasmus"]
[Black "Kravtsiv, Martyn"]
[WhiteFideId "4657101"]
[BlackFideId "14113147"]
[WhiteElo "2674"]
[BlackElo "2695"]
[Result "1-0"]
[Round "09"]
[TimeControl "180+1"]
[Date "2022.12.13"]
[WhiteClock "0:00:14"]
[BlackClock "0:00:02"]

1. Nf3 d5 2. g3 Nf6 3. Bg2 c5 4. O-O Nc6 5. d4 cxd4 6. Nxd4 e5 7. Nxc6 bxc6 8. c4 Be6 9. Nc3 Qd7 10. Qa4 Rc8 11. cxd5 cxd5 12. Qxd7+ Kxd7 13. Rd1 Bc5 14. Na4 h6 15. Nxc5+ Rxc5 16. f4 e4 17. h3 Rc2 18. g4 Kc6 19. f5 Bd7 20. Rd2 Rxd2 21. Bxd2 h5 22. Rc1+ Kb7 23. g5 Ne8 24. Rc5 Bc6 25. Bc3 Nd6 26. Bxg7 Re8 27. f6 Re5 28. h4 Bd7 29. Bf8 Nf5 30. g6 Nxh4 31. gxf7 Rg5 32. Kf1 Rxg2 33. Bd6 Bg4 34. Rc2 Bh3 35. f8=Q Rg8+ 36. Kf2 Rxf8 37. Bxf8 Be6 38. Bd6 Nf5 39. Be5 h4 40. f7 e3+ 41. Kf3 1-0


[Site "https://www.chess.com"]

[Event "Titled Tuesday Blitz December 13 Late 2022"]
[White "Szyszylo, Rafal"]
[Black "Khandelwal, Ankush"]
[WhiteFideId "1109626"]
[BlackFideId "413470"]
[WhiteElo "1981"]
[BlackElo "2271"]
[Result "0-1"]
[Round "09"]
[TimeControl "180+1"]
[Date "2022.12.14"]
[WhiteClock "0:00:01"]
[BlackClock "0:00:03"]

1. e4 c5 2. Nf3 d6 3. d4 cxd4 4. Nxd4 Nf6 5. Nc3 a6 6. Bc4 e6 7. Bb3 Nbd7 8. f4 Nc5 9. e5 dxe5 10. fxe5 Nfd7 11. Qh5 Nxb3 12. Nxb3 Qb6 13. Rf1 g6 14. Qf3 Bb4 15. Qxf7+ Kd8 16. Bg5+ Kc7 17. O-O-O Bxc3 18. bxc3 Rf8 19. Qxh7 Rxf1 20. Rxf1 Kb8 21. Qxg6 Ka7 22. Qe4 Qc7 23. Be3+ b6 24. Bd4 Bb7 25. Qg6 Nxe5 26. Qxe6 Nc4 27. Rf7 Qc8 28. Qxc8 Rxc8 29. g4 Re8 30. Kd1 Nb2+ 31. Kd2 Nc4+ 32. Kd3 Nb2+ 33. Kd2 Nc4+ 34. Kd1 Nb2+ 35. Kc1 Nc4 36. Rf1 Bg2 37. Rg1 Bf3 38. g5 Re2 39. g6 Be4 40. g7 Rxc2+ 41. Kd1 Nb2+ 42. Ke1 Nd3+ 43. Kf1 Nf4 44. g8=Q Bd3+ 0-1


[Site "https://www.chess.com"]

[Event "Titled Tuesday Blitz December 13 Late 2022"]
[White "Thiel, Thomas"]
[Black "Sargsyan, Anna M."]
[WhiteFideId "4615964"]
[BlackFideId "13308130"]
[WhiteElo "2251"]
[BlackElo "2284"]
[Result "0-1"]
[Round "09"]
[TimeControl "180+1"]
[Date "2022.12.13"]
[WhiteClock "0:00:03"]
[BlackClock "0:00:33"]

1. e4 e5 2. Nf3 Nc6 3. d4 exd4 4. Nxd4 Nf6 5. Nxc6 bxc6 6. e5 Qe7 7. Qe2 Nd5 8. h4 Qe6 9. g3 d6 10. exd6 cxd6 11. Qxe6+ Bxe6 12. Bg2 Kd7 13. c3 Rb8 14. O-O Be7 15. Nd2 Nb6 16. Ne4 f5 17. Ng5 Bd5 18. Rd1 Bxg2 19. Kxg2 h6 20. Nf3 Bf6 21. Rd3 Rhe8 22. b3 Re2 23. Bd2 Rbe8 24. Rd1 Kc7 25. c4 d5 26. Bf4+ Kb7 27. cxd5 Nxd5 28. Rxd5 cxd5 29. Rxd5 Rxa2 30. Nd4 Bxd4 31. Rxd4 Ree2 32. Rd7+ Kc6 33. Rc7+ Kb6 34. Rc3 Rxf2+ 35. Kg1 Rfc2 0-1


[Site "https://www.chess.com"]

[Event "Titled Tuesday Blitz December 13 Late 2022"]
[White "Toncheva, Nadya"]
[Black "Topalov, Aleksandar"]
[WhiteFideId "2924056"]
[BlackFideId "925659"]
[WhiteElo "2101"]
[BlackElo "2151"]
[Result "0-1"]
[Round "09"]
[TimeControl "180+1"]
[Date "2022.12.14"]
[WhiteClock "0:00:09"]
[BlackClock "0:00:03"]

1. e4 e6 2. d4 d5 3. Nd2 Nf6 4. e5 Ng8 5. f4 Ne7 6. Bd3 h5 7. Ngf3 g6 8. Nf1 b6 9. Be3 Qd7 10. Bf2 Ba6 11. Bh4 Bxd3 12. Qxd3 Nf5 13. Bf6 Bg7 14. Bxg7 Nxg7 15. Ne3 c5 16. O-O-O c4 17. Qd2 Nc6 18. c3 O-O-O 19. h3 h4 20. Qf2 Qe7 21. Ng4 Nf5 22. Nf6 b5 23. Rd2 Kc7 24. Re1 Rb8 25. Nh2 b4 26. Qf3 bxc3 27. Qxc3 Qb4 28. Nf3 Rb5 29. Rc2 Rhb8 30. a3 Qxc3 31. bxc3 Rb3 32. Kd2 Rxa3 33. Ng5 Nd8 34. Ne8+ Kd7 35. Nf6+ Ke7 36. Ng8+ Kf8 37. Nf6 Rb7 38. Rcc1 Rb2+ 39. Rc2 Rb7 40. Rcc1 a5 41. Rb1 Rbb3 42. Rxb3 cxb3 43. Rb1 Ra2+ 44. Kd3 a4 45. c4 dxc4+ 46. Kxc4 Ne3+ 47. Kb4 Nc6+ 48. Kb5 Nxd4+ 49. Kb6 Rxg2 50. Rc1 Nec2 51. Kc7 a3 52. Kd7 a2 53. Nfh7+ Kg7 54. Ke7 Nf5+ 55. Ke8 a1=Q 56. Rxa1 Nxa1 57. Nf6 Rc2 58. Kd8 b2 59. Ne8+ Kf8 60. Nh7+ Kg8 61. Nhf6+ Kh8 62. Nd6 Rd2 63. Ke8 Nxd6+ 64. exd6 Rxd6 65. Kxf7 b1=Q 66. Ke7 Qb6 67. Kf7 Qc7+ 68. Kxg6 Qg7+ 69. Kh5 Qxf6 70. f5 Rd5 71. Kg4 Qxf5+ 72. Kxh4 Rd4+ 73. Kg3 Qf4+ 74. Kg2 Rd2+ 75. Kg1 Qf2+ 76. Kh1 Qg2# 0-1


[Site "https://www.chess.com"]

[Event "Titled Tuesday Blitz December 13 Late 2022"]
[White "Torres Boch, Jose Francisco"]
[Black "Pham, Khoi"]
[WhiteFideId "2278383"]
[BlackFideId "1054988"]
[WhiteElo "2073"]
[BlackElo "2504"]
[Result "0-1"]
[Round "09"]
[TimeControl "180+1"]
[Date "2022.12.14"]
[WhiteClock "0:01:12"]
[BlackClock "0:00:57"]

1. e4 c5 2. Nf3 e6 3. d4 cxd4 4. Nxd4 Nf6 5. Nc3 Nc6 6. Ndb5 Bc5 7. Be2 O-O 8. O-O d6 9. Bg5 a6 10. Na3 b5 11. Nab1 h6 12. Bh4 Bb7 13. Bf3 Ne5 14. Nd2 Rc8 15. Qe2 Qb6 16. Nb3 Nfd7 17. Rad1 Nxf3+ 18. Qxf3 Ne5 19. Qg3 Ng6 20. Nxc5 Qxc5 21. Rxd6 Nxh4 22. Rd7 Bc6 23. Rd3 Ng6 24. Rfd1 b4 25. Ne2 Bxe4 26. Rd7 Qxc2 27. Nf4 Nxf4 28. Qxf4 Bg6 29. h4 Qxb2 30. Ra7 Qxa2 31. Rdd7 b3 32. Qg4 b2 33. h5 b1=Q+ 34. Kh2 Qb8+ 0-1


[Site "https://www.chess.com"]

[Event "Titled Tuesday Blitz December 13 Late 2022"]
[White "Torres Dominguez, David"]
[Black "Hoffmann, Asa"]
[WhiteFideId "2220857"]
[BlackFideId "2001470"]
[WhiteElo "2037"]
[BlackElo "2117"]
[Result "1-0"]
[Round "09"]
[TimeControl "180+1"]
[Date "2022.12.14"]
[WhiteClock "0:01:58"]
[BlackClock "0:01:58"]

1. e4 d6 2. Nc3 c6 3. f4 Nf6 4. Nf3 Bg4 5. d3 d5 6. Be2 dxe4 7. Nxe4 Nxe4 8. dxe4 Qxd1+ 9. Bxd1 e6 10. Be3 Nd7 11. h3 Bxf3 12. Bxf3 Bc5 13. Ke2 O-O-O 14. e5 Bxe3 15. Kxe3 Nb6 16. b3 Nd5+ 17. Bxd5 Rxd5 18. Rad1 Rhd8 19. Ke2 Kc7 20. c4 Rxd1 21. Rxd1 Rxd1 22. Kxd1 a5 23. Kd2 Kb6 24. Kc3 Kc5 25. a3 b5 26. b4+ axb4+ 27. axb4+ Kb6 28. Kd4 bxc4 29. Kxc4 f6 30. exf6 gxf6 31. g4 h6 32. h4 e5 33. fxe5 fxe5 34. g5 hxg5 35. hxg5 e4 36. g6 e3 37. Kd3 Kb5 38. g7 Kxb4 39. g8=Q c5 40. Qc4+ Ka3 41. Qxc5+ 1-0


[Site "https://www.chess.com"]

[Event "Titled Tuesday Blitz December 13 Late 2022"]
[White "Van Dael, Siem"]
[Black "Kazakouski, Valery"]
[WhiteFideId "1049771"]
[BlackFideId "13507443"]
[WhiteElo "2336"]
[BlackElo "2516"]
[Result "1-0"]
[Round "09"]
[TimeControl "180+1"]
[Date "2022.12.13"]
[WhiteClock "0:00:21"]
[BlackClock "0:00:16"]

1. d4 Nf6 2. c4 e6 3. Nf3 d5 4. Nc3 a6 5. cxd5 exd5 6. Bg5 Be6 7. Bxf6 Qxf6 8. Qb3 Ra7 9. g3 Qd8 10. h4 h6 11. Bh3 Bd6 12. Bxe6 fxe6 13. O-O O-O 14. Kg2 c6 15. Rae1 Qf6 16. Qb6 Ra8 17. Qxb7 Qd8 18. Qxa8 Qb6 19. Na4 Qb5 20. b3 Bb4 21. Rc1 Qxe2 22. Ne5 Bd2 23. Nc3 Qh5 24. Rc2 Nd7 25. Qxc6 Nxe5 26. dxe5 Qf3+ 27. Kg1 Qd3 28. Nd1 Kh8 29. Nb2 Qd4 30. Qc5 1-0


[Site "https://www.chess.com"]

[Event "Titled Tuesday Blitz December 13 Late 2022"]
[White "Vedder, Richard"]
[Black "Mieles Palau, Daniel"]
[WhiteFideId "1004166"]
[BlackFideId "3600467"]
[WhiteElo "2168"]
[BlackElo "2344"]
[Result "1-0"]
[Round "09"]
[TimeControl "180+1"]
[Date "2022.12.14"]
[WhiteClock "0:02:22"]
[BlackClock "0:01:24"]

1. d4 d5 2. c4 e6 3. Nc3 c6 4. e4 dxe4 5. Nxe4 Bb4+ 6. Bd2 Qxd4 7. Bxb4 Qxe4+ 8. Be2 a5 9. Bc3 Ne7 10. Nf3 O-O 11. O-O Na6 12. Re1 Nc5 13. Qd6 Na4 14. Bd3 Qg4 15. Qxe7 Nxc3 16. Bxh7+ Kxh7 17. Qxf8 1-0


[Site "https://www.chess.com"]

[Event "Titled Tuesday Blitz December 13 Late 2022"]
[White "Winterberg, Lukas"]
[Black "Vlassov, Nikolai"]
[WhiteFideId "24622702"]
[BlackFideId "4103360"]
[WhiteElo "2502"]
[BlackElo "2606"]
[Result "1-0"]
[Round "09"]
[TimeControl "180+1"]
[Date "2022.12.14"]
[WhiteClock "0:00:12"]
[BlackClock "0:00:03"]

1. b3 Nf6 2. Bb2 e6 3. g3 d5 4. Bg2 c5 5. c4 Nc6 6. cxd5 exd5 7. Nf3 Be6 8. O-O Be7 9. d4 O-O 10. dxc5 Bxc5 11. Nc3 Re8 12. Rc1 a6 13. h3 Rc8 14. Na4 Ba7 15. e3 Ne4 16. Nd2 f5 17. Nxe4 dxe4 18. Nc5 Bxc5 19. Rxc5 Nb4 20. Rxc8 Bxc8 21. Bd4 Qe7 22. Qd2 Be6 23. Rc1 Nd3 24. Rc2 Rc8 25. Bf1 Rxc2 26. Qxc2 Nb4 27. Qd2 Nc6 28. Bb2 h6 29. Qc3 Kh7 30. Bxa6 Nb4 31. Bc4 Nxa2 32. Qd4 Bc8 33. Qa7 Nb4 34. Ba3 Qd6 35. Kg2 Nc6 36. Qa8 Qd7 37. Qa4 Ne5 38. Be2 Qxa4 39. bxa4 b6 40. Bb2 Nd3 41. Bd4 Bd7 42. Bd1 Nc5 43. a5 Ne6 44. Bxb6 Bb5 45. g4 g6 46. gxf5 gxf5 47. Bh5 Kg7 48. f3 Kf6 49. fxe4 fxe4 50. Kf2 Ke5 51. Be2 Bxe2 52. Kxe2 Kd6 53. a6 Kc6 54. a7 Kb7 55. Kf2 1-0


[Site "https://www.chess.com"]

[Event "Titled Tuesday Blitz December 13 Late 2022"]
[White "Young, Ryan"]
[Black "Cruz, William Ferreira Da"]
[WhiteFideId "2049945"]
[BlackFideId "2118050"]
[WhiteElo "2315"]
[BlackElo "2223"]
[Result "1-0"]
[Round "09"]
[TimeControl "180+1"]
[Date "2022.12.14"]
[WhiteClock "0:00:18"]
[BlackClock "0:00:30"]

1. d4 Nf6 2. c4 g6 3. Nf3 Bg7 4. Nc3 O-O 5. e4 d6 6. Be2 e5 7. O-O Nc6 8. d5 Ne7 9. b4 Nd7 10. Ne1 f5 11. f3 f4 12. Nd3 a5 13. c5 axb4 14. cxd6 bxc3 15. dxe7 Qxe7 16. Qb3 Kh8 17. Qxc3 Nb6 18. Bd2 Na4 19. Qc2 b6 20. Rfc1 Rf7 21. Nb4 Qc5+ 22. Qxc5 Nxc5 23. Nd3 Ba6 24. Nxc5 Bxe2 25. Ne6 Ra7 26. Rc3 b5 27. Nd8 Rd7 28. Nc6 Ra8 29. Rcc1 Bf6 30. Bc3 Re8 31. a4 bxa4 32. Rxa4 Bb5 33. Ra7 Bxc6 34. dxc6 Rf7 35. Ba5 Ree7 36. Rb1 Re6 37. Rc1 Ree7 38. Kf2 Kg7 39. Ke2 h5 40. h3 g5 41. Rc2 Kg6 42. Rd2 Re6 43. Rc2 Bd8 44. Ra8 Bf6 45. Rc8 Ree7 46. Rd2 Re6 47. Rc2 Ree7 48. Ra8 Rg7 49. Ra7 Kh7 50. Rd2 Re6 51. Rc2 Bd8 52. Ra8 Rd6 53. Bb4 Rd4 54. Bf8 Rf7 55. Bc5 Bf6 56. Bxd4 exd4 57. Kd3 Be5 58. Rc4 Kg6 59. Raa4 g4 60. hxg4 hxg4 61. Rxd4 Bxd4 62. Rxd4 g3 63. Rd7 Rf6 64. Rxc7 Rd6+ 65. Ke2 Rd4 66. Rc8 Rc4 67. c7 Rc2+ 68. Kd3 Kg7 69. Kxc2 1-0


[Site "https://www.chess.com"]

[Event "Titled Tuesday Blitz December 13 Late 2022"]
[White "Yuan, Qingyu"]
[Black "Papp, Levente"]
[WhiteFideId "8609772"]
[BlackFideId "751243"]
[WhiteElo "2359"]
[BlackElo "2380"]
[Result "0-1"]
[Round "09"]
[TimeControl "180+1"]
[Date "2022.12.13"]
[WhiteClock "0:00:04"]
[BlackClock "0:00:07"]

1. e4 e6 2. d4 d5 3. Nc3 Bb4 4. e5 Ne7 5. a3 Bxc3+ 6. bxc3 b6 7. Qg4 Ng6 8. h4 h5 9. Qg3 Ba6 10. Bd3 Bxd3 11. cxd3 c5 12. Ne2 Nc6 13. Bg5 Qc8 14. O-O Qa6 15. a4 Rc8 16. dxc5 bxc5 17. f4 Nge7 18. Bxe7 Nxe7 19. Qxg7 Rg8 20. Qh7 Rg6 21. f5 Nxf5 22. Rxf5 exf5 23. Nf4 Rg4 24. e6 fxe6 25. Nxd5 Qd6 26. Nf6+ Kd8 27. Rb1 Qxd3 28. Rb7 Qd1+ 29. Kh2 Rxh4+ 30. Kg3 Qe1+ 31. Kf3 Qxc3+ 32. Ke2 Qc2+ 33. Kf3 Qd3+ 34. Kf2 Qd4+ 35. Ke2 Qe5+ 36. Kd3 Rd4+ 37. Kc3 Qe3+ 38. Kb2 Rd2+ 39. Ka1 Qa3+ 40. Kb1 Qa2+ 41. Kc1 Qc2# 0-1


[Site "https://www.chess.com"]

[Event "Titled Tuesday Blitz December 13 Late 2022"]
[White "Adewumi, Tanitoluwa"]
[Black "Torres Boch, Jose Francisco"]
[WhiteFideId "30966396"]
[BlackFideId "2278383"]
[WhiteElo "2466"]
[BlackElo "2073"]
[Result "1-0"]
[Round "10"]
[TimeControl "180+1"]
[Date "2022.12.14"]
[WhiteClock "0:01:31"]
[BlackClock "0:01:56"]

1. e4 c5 2. Nf3 d6 3. Bb5+ Nd7 4. c3 a6 5. Bd3 Ngf6 6. Bc2 e6 7. d4 Be7 8. O-O O-O 9. Re1 b5 10. e5 Nd5 11. exd6 Bxd6 12. Nbd2 cxd4 13. Ne4 Be7 14. Qxd4 N7f6 15. Nxf6+ Nxf6 16. Qh4 Bb7 17. Bg5 g6 18. Ne5 Nd5 19. Bxe7 Qxe7 20. Qh6 Qf6 21. Nd7 Qe7 22. Nxf8 Rxf8 23. Rad1 Nf6 24. h4 Ng4 25. Qg5 Qxg5 26. hxg5 1-0


[Site "https://www.chess.com"]

[Event "Titled Tuesday Blitz December 13 Late 2022"]
[White "Al-Tarboush, Ward"]
[Black "Figorito, Nick"]
[WhiteFideId "7601450"]
[BlackFideId "30923689"]
[WhiteElo "2263"]
[BlackElo "2431"]
[Result "0-1"]
[Round "10"]
[TimeControl "180+1"]
[Date "2022.12.14"]
[WhiteClock "0:01:39"]
[BlackClock "0:00:19"]

1. e4 e6 2. d4 d5 3. exd5 exd5 4. Bd3 Bd6 5. Nc3 Ne7 6. Nb5 c6 7. Nxd6+ Qxd6 8. Ne2 O-O 9. Bf4 Qb4+ 10. c3 Qxb2 11. Bd6 Re8 12. O-O Qb6 13. Nf4 Ng6 14. Re1 Rxe1+ 15. Qxe1 Qd8 16. Nxg6 hxg6 17. Be7 Qe8 18. h4 Nd7 19. h5 gxh5 20. Qe2 Nf6 21. Re1 Ne4 22. Bxe4 dxe4 23. Qxe4 Be6 24. Bd6 Qd7 25. Be5 Bd5 26. Qe3 Qg4 27. f3 Qg6 28. Qf4 Re8 29. Rf1 f6 30. Bd6 Re2 31. Qh2 h4 32. Qh3 Be6 33. Qh2 h3 34. Rf2 Qb1+ 35. Rf1 Qc2 36. Qf4 Rxg2+ 37. Kh1 Rg6 38. Qh2 Qxh2+ 39. Kxh2 Rg2+ 40. Kh1 Rxa2 41. Re1 Bd5 42. Re3 a5 43. c4 Bxc4 44. Re8+ Kh7 45. Re4 Bd5 46. Rh4+ Kg6 47. Rxh3 a4 48. Rg3+ Kf7 49. Kg1 a3 50. f4 Ra1+ 51. Kf2 a2 52. Ra3 Rb1 53. Rxa2 Bxa2 54. f5 Bd5 55. Ke3 b5 0-1


[Site "https://www.chess.com"]

[Event "Titled Tuesday Blitz December 13 Late 2022"]
[White "Ankerst, Mihael"]
[Black "Harshavardhan G B"]
[WhiteFideId "14602369"]
[BlackFideId "25059009"]
[WhiteElo "2371"]
[BlackElo "2323"]
[Result "1/2-1/2"]
[Round "10"]
[TimeControl "180+1"]
[Date "2022.12.14"]
[WhiteClock "0:00:03"]
[BlackClock "0:00:38"]

1. e4 e5 2. Nf3 Nf6 3. Nc3 Nc6 4. d4 exd4 5. Nxd4 Nxe4 6. Nxe4 Qe7 7. f3 d5 8. Bb5 Bd7 9. Bxc6 bxc6 10. O-O dxe4 11. fxe4 O-O-O 12. Qf3 g6 13. Be3 Bg7 14. c3 Rhe8 15. Nb3 Qxe4 16. Qxe4 Rxe4 17. Bxa7 Be6 18. Nc5 Re2 19. Nxe6 fxe6 20. Rf2 Rdd2 21. Rxe2 Rxe2 22. Rb1 e5 23. Kf1 Rc2 24. Bc5 e4 25. a4 Kb7 26. Ba3 e3 27. Re1 Rf2+ 28. Kg1 Bh6 29. Bc5 Rxb2 30. Bxe3 Bxe3+ 31. Rxe3 Rb3 32. Kf2 Ra3 33. Rh3 h5 34. Rg3 Ra2+ 35. Ke3 Rxa4 36. Rxg6 Kb6 37. g3 h4 38. h3 hxg3 39. Rxg3 Rh4 40. Kf3 Kb5 41. Kg2 Rc4 42. Rf3 c5 43. Kg3 Ra4 44. h4 Ra1 45. Rf4 Rg1+ 46. Kh2 Rg8 47. h5 c4 48. h6 Rh8 49. Rh4 Kc5 50. Rh5+ Kd6 51. Kg3 Ke6 52. Kf4 Kf6 53. Ke4 Kg6 54. Rh3 Rxh6 55. Rxh6+ Kxh6 56. Kd5 Kg6 57. Kxc4 Kf6 58. Kd5 Ke7 59. Kc6 Kd8 60. c4 Kc8 61. c5 Kd8 62. Kb7 Kd7 63. Kb8 Kc6 64. Kc8 Kxc5 65. Kxc7 1/2-1/2


[Site "https://www.chess.com"]